 Dungeon Crawl Stone Soup version 0.20.1-1-g8b1a95d (webtiles) character file.

12369 vishdafish the Covert (level 11, -14/68 HPs)
             Began as a Vampire Enchanter on July 15, 2017.
             Was a Priest of Nemelex Xobeh.
             Hit by a javelin of penetration thrown by Urug (22 damage)
             ... on level 11 of the Dungeon.
             The game lasted 00:42:39 (18257 turns).

vishdafish the Covert (Vampire Enchanter)          Turns: 18257, Time: 00:42:40

Health: -14/68     AC:  0    Str:  7    XL:     11   Next: 61%
Magic:  0/20       EV: 28    Int: 17    God:    Nemelex Xobeh [***...]
Gold:   713        SH:  0    Dex: 24    Spells: 14/23 levels left

rFire    . . .     SeeInvis +   (weapon currently unavailable)
rCold    + . .     Gourm    .   (shield currently unavailable)
rNeg     + + .     Faith    .   (armour currently unavailable)
rPois    +         Spirit   +   (helmet currently unavailable)
rElec    .         Reflect  .   (cloak currently unavailable)
rCorr    .         Harm     .   (gloves currently unavailable)
MR       +....                  (boots currently unavailable)
Stlth    ++++++++..             d - amulet of guardian spirit
Regen    0.1/turn               (ring currently unavailable)
MPRegen  0.2/turn               (ring currently unavailable)

@: bat-form, flying, regenerating slowly, very quick
A: fangs 3, see invisible
a: End Transformation, Triple Draw, Renounce Religion


You were on level 11 of the Dungeon.
You worshipped Nemelex Xobeh.
Nemelex Xobeh was most pleased with you.
You were near bloodless.
You were in vampire-bat-form.
You visited 2 branches of the dungeon, and saw 12 of its levels.

You collected 713 gold pieces.

Inventory:

Hand Weapons
 a - a +2 short sword of draining (melded)
 s - a +0 short sword of speed
 z - a +1 short sword of freezing
 O - a +0 short sword of venom
 R - the +4 hunting sling "Hell-Harrower" {venom, rElec rN++ MR- Str+2}
   (You found it on level 8 of the Dungeon)

   It poisons the ammo it fires.
   It affects your strength (+2).
   It insulates you from electricity.
   It greatly protects you from negative energy.
   It affects your resistance to hostile enchantments.
Missiles
 S - 38 sling bullets
Armour
 b - a +0 robe
 g - a +0 robe (melded)
 q - a +1 cloak of invisibility (melded)
 B - a +0 pair of gloves of strength (melded)
 P - a +0 helmet (melded)
Jewellery
 d - an amulet of guardian spirit (around neck)
 i - a +3 ring of intelligence (melded)
 C - a ring of protection from cold (melded)
Wands
 f - a wand of flame (12/48)
 l - a wand of random effects (48/48)
 J - a wand of iceblast (9/15)
 T - a wand of polymorph (16/24)
 V - a wand of confusion (21/48)
Scrolls
 e - 4 scrolls of magic mapping
 h - a scroll of recharging
 p - a scroll of enchant weapon {unknown}
 r - 3 scrolls of noise
 w - 2 scrolls of teleportation {unknown}
 y - a scroll of summoning {unknown}
 E - 2 scrolls of amnesia {unknown}
 H - 7 scrolls of remove curse
 L - 2 scrolls of immolation {unknown}
 N - a scroll of enchant armour {unknown}
 U - a scroll of identify
Potions
 j - 3 potions of berserk rage
 k - 2 potions of haste
 m - 2 potions of ambrosia
 n - a potion of might {unknown}
 o - 3 potions of heal wounds
 t - 2 potions of flight
 u - 5 potions of agility {unknown}
 v - a potion of mutation {unknown}
 x - 2 potions of invisibility
 A - a potion of degeneration {unknown}
 G - a potion of curing {unknown}
 K - 6 potions of blood
Books
 c - a book of Maledictions

   Spells                             Type                      Level
   a - Corona                         Hexes                        1
   b - Ensorcelled Hibernation        Hexes/Ice                    2
   c - Confuse                        Hexes                        3
   d - Tukima's Dance                 Hexes                        3
   e - Dazzling Spray                 Conjuration/Hexes            3
Miscellaneous
 D - a plain deck of escape {drawn: 2}
 F - a plain deck of destruction {drawn: 2}
 I - a phantom mirror
 M - a plain deck of summoning {drawn: 12}
 Q - a plain deck of summoning {drawn: 1}


   Skills:
 + Level 7.4 Short Blades
 + Level 7.3 Dodging
 * Level 14.9 Stealth
 + Level 6.6 Spellcasting
 + Level 10.3 Hexes
 * Level 8.1 Evocations


You had 14 spell levels left.
You knew the following spells:

 Your Spells              Type           Power        Failure   Level  Hunger
a - Corona                Hex            #####..      1%          1    None
b - Ensorcelled Hibernat  Hex/Ice        ###...       2%          2    None
c - Tukima's Dance        Hex            #####...     1%          3    ##.....
d - Dazzling Spray        Conj/Hex       ###...       4%          3    ##.....


Dungeon Overview and Level Annotations

Branches:
Dungeon (11/15)            Temple (1/1) D:6            Lair (0/6) D:8
    Orc: D:9-12

Altars:
Ashenzari
Cheibriados
Elyvilon
Fedhas
Hepliaklqana
Makhleb
Nemelex Xobeh
Okawaru
Ru
Trog
Uskayaw
Vehumet
Zin
The Shining One

Shops:
D:4 [   D:11 =

Portals:
Trove: D:10 (give 17 potions of curing)

Annotations:
D:11 Urug


Innate Abilities, Weirdness & Mutations

You heal slowly.
You have razor-sharp teeth.
You have supernaturally acute eyesight. (SInv)
((You can survive without breathing.))


Message History

Urug throws a javelin of penetration.
The javelin of penetration pierces through your raiju!!
Your raiju dies!
Your raiju's corpse disappears in a puff of smoke!
The javelin of penetration pierces through the purple ugly thing!!
The purple ugly thing dies!
The javelin of penetration barely misses your ice beast.
The javelin of penetration completely misses you.
You swap places.
Urug throws a javelin of penetration.
The javelin of penetration pierces through your ice beast!
The javelin of penetration barely misses your fire vortex.
The javelin of penetration completely misses you.
There is a stone staircase leading up here.
You see here a javelin of penetration.
Your fire vortex disappears in a puff of smoke!
Urug throws a javelin of penetration.
The javelin of penetration pierces through your ice beast.
The javelin of penetration pierces through you!!
You die...
Your body glows with a rainbow of weird colours and disappears.

.....[.#
.......##########
#.....?o..(######
########.†#####........#
....T.)...†# #........#
##########.# #........#
.# #Y.......#
.∩.####.....####
.......b...)#
.########.### #.# #.#
... ... ...


You could see Urug and a friendly ice beast.

Vanquished Creatures
  3 two-headed ogres
  An unseen horror (D:10)
  Maurice (D:9)
  A centaur zombie (D:10)
  2 centaur skeletons
  Sigmund (D:2)
  12 yaks
  3 porcupines
  3 orc warriors (D:7)
  3 sky beasts
  3 black bears (D:8)
  An ice beast (D:10)
  A necrophage (D:9)
  5 ogres
  An eye of draining (D:10)
  3 centaurs
  A crocodile (D:8)
  8 bullfrogs
  A gnoll sergeant (D:9)
  A wyvern zombie (D:7)
  2 scorpions
  A water moccasin skeleton (D:7)
  11 killer bees
  A wight (D:7)
  3 howler monkeys
  4 crimson imps
  A quasit (D:9)
  4 jellies
  9 hounds
  3 orc priests
  3 bullfrog skeletons
  Crazy Yiuf (D:2)
  4 iguanas
  4 worker ants
  7 orc wizards
  2 hound skeletons
  11 gnolls
  7 adders
  2 shadow imps (D:6)
  3 oozes
  2 adder zombies (D:5)
  2 worms
  7 dart slugs
  7 leopard geckos
  32 orcs
  6 bats
  6 giant cockroaches
  14 goblins
  8 hobgoblins
  5 jackals
  4 quokkas
  3 ball pythons
  4 frilled lizards
  2 jackal skeletons
  9 kobolds
  A leopard gecko zombie (D:5)
  8 rats
258 creatures vanquished.

Vanquished Creatures (collateral kills)
  The ghost of appiemonkey the Whirler, a journeyman HaHu of Okawaru (D:10)
  The ghost of Oddysee the Covered, a novice MiFi (D:7)
  An ugly thing (D:11)
  A troll (D:11)
  A yak (D:10)
  An ogre (D:7)
  A centaur (D:7)
  5 killer bees
  3 wights (D:7)
  A centaur skeleton (D:7)
  A worker ant (D:4)
17 creatures vanquished.

Vanquished Creatures (others)
  An ugly thing (D:11)
  2 yaks (D:10)
  2 killer bees (D:10)
  An orc wizard (D:7)
  5 orc priests
  4 orcs (D:9)
  2 jackals (D:9)
  A fire vortex (D:11)
  2 fungi (D:8)
20 creatures vanquished.

Grand Total: 295 creatures vanquished

Notes
Turn   | Place    | Note
-------+----------+-------------------------------------------
     0 | D:1      | vishdafish the Vampire Enchanter began the quest for the Orb.
     0 | D:1      | Reached XP level 1. HP: 13/13 MP: 3/3
   367 | D:1      | Reached XP level 2. HP: 18/19 MP: 5/5
   498 | D:1      | Reached skill level 5 in Stealth
   956 | D:1      | Reached XP level 3. HP: 24/24 MP: 6/6
  1441 | D:1      | Reached skill level 5 in Hexes
  1684 | D:2      | Noticed Sigmund
  1703 | D:2      | Killed Sigmund
  1703 | D:2      | Reached skill level 6 in Stealth
  1703 | D:2      | Reached XP level 4. HP: 3/30 MP: 7/7
  1703 | D:2      | Reached XP level 5. HP: 3/35 MP: 8/8
  5145 | D:2      | Found a faded altar of an unknown god.
  5187 | D:2      | Reached skill level 7 in Stealth
  5187 | D:2      | Reached XP level 6. HP: 41/41 MP: 10/10
  5596 | D:2      | Found a runed door.
  5694 | D:2      | Noticed Crazy Yiuf
  5698 | D:2      | HP: 2/41 [Crazy Yiuf/quarterstaff of chaos (14)]
  6363 | D:2      | Killed Crazy Yiuf
  6973 | D:3      | Reached skill level 1 in Evocations
  7452 | D:3      | Found a hazy altar of Hepliaklqana.
  7641 | D:4      | Learned a level 2 spell: Ensorcelled Hibernation
  7645 | D:4      | Learned a level 3 spell: Tukima's Dance
  7655 | D:4      | Reached XP level 7. HP: 43/46 MP: 11/11
  7665 | D:4      | Reached skill level 8 in Stealth
  7681 | D:4      | Found Ehuser's Armour Shoppe.
  8081 | D:5      | Entered Level 5 of the Dungeon
  8282 | D:5      | Found a bloodstained altar of Trog.
  8282 | D:5      | Found a burning altar of Makhleb.
  8283 | D:5      | Found a glowing golden altar of the Shining One.
  8337 | D:5      | Found an iron altar of Okawaru.
  8382 | D:5      | Reached skill level 9 in Stealth
  8382 | D:5      | Reached XP level 8. HP: 52/52 MP: 8/13
  9051 | D:6      | Found a white marble altar of Elyvilon.
  9266 | D:6      | Found a staircase to the Ecumenical Temple.
  9305 | Temple   | Entered the Ecumenical Temple
  9322 | Temple   | Became a worshipper of Nemelex Xobeh the Trickster
  9358 | D:6      | Received a gift from Nemelex Xobeh
  9448 | D:6      | Received a gift from Nemelex Xobeh
  9632 | D:6      | Reached * piety under Nemelex Xobeh
 10398 | D:7      | Reached skill level 10 in Stealth
 10596 | D:7      | Noticed Oddysee's ghost (novice MiFi)
 10613 | D:7      | Killed Oddysee's ghost
 10613 | D:7      | Reached skill level 5 in Dodging
 10613 | D:7      | Reached XP level 9. HP: 15/57 MP: 15/15
 10814 | D:7      | Noticed a hellwing
 10819 | D:7      | You fall through a shaft for 3 floors!
 10819 | D:10     | Entered Level 10 of the Dungeon
 11319 | D:10     | Noticed appiemonkey's ghost (journeyman HaHu)
 11504 | D:9      | Received a gift from Nemelex Xobeh
 11548 | D:9      | Reached skill level 5 in Short Blades
 11658 | D:9      | Reached skill level 11 in Stealth
 11682 | D:9      | Reached skill level 5 in Evocations
 11825 | D:9      | Reached skill level 5 in Spellcasting
 11843 | D:9      | Noticed a two-headed ogre
 11848 | D:9      | Killed a two-headed ogre
 11848 | D:9      | Reached skill level 12 in Stealth
 11848 | D:9      | Reached XP level 10. HP: 63/63 MP: 14/17
 12199 | D:9      | Received a gift from Nemelex Xobeh
 12338 | D:8      | Reached ** piety under Nemelex Xobeh
 12338 | D:8      | Noticed Maurice
 12437 | D:9      | Killed Maurice
 13243 | D:8      | Found a staircase to the Lair.
 14212 | D:8      | Reached skill level 13 in Stealth
 14464 | D:7      | Received a gift from Nemelex Xobeh
 14617 | D:7      | Found a glowing silver altar of Zin.
 16047 | D:7      | Found a blossoming altar of Fedhas.
 16200 | D:8      | Received a gift from Nemelex Xobeh
 16256 | D:8      | Got a translucent hunting sling
 16257 | D:8      | Identified the +4 hunting sling "Hell-Harrower" {venom, rElec rN++ MR- Str+2} (You found it on level 8 of the Dungeon)
 16682 | D:10     | Found a portal to a secret trove of treasure.
 16682 | D:10     | Noticed an unseen horror
 16688 | D:10     | Killed an unseen horror
 16688 | D:10     | Reached XP level 11. HP: 64/68 MP: 14/20
 16717 | D:10     | Reached *** piety under Nemelex Xobeh
 16770 | D:10     | Noticed a two-headed ogre
 16809 | D:10     | Reached skill level 14 in Stealth
 16841 | D:10     | Killed a two-headed ogre
 17049 | D:10     | Reached skill level 10 in Hexes
 17203 | D:10     | Killed appiemonkey's ghost
 17907 | D:10     | Received a gift from Nemelex Xobeh
 18154 | D:10     | Learned a level 3 spell: Dazzling Spray
 18169 | D:11     | Found Rintir's Jewellery Boutique.
 18183 | D:11     | Noticed a two-headed ogre
 18194 | D:11     | Killed a two-headed ogre
 18199 | D:11     | Noticed a white ugly thing
 18206 | D:11     | Noticed a green ugly thing
 18244 | D:11     | Noticed Urug
 18245 | D:11     | Killed a white ugly thing
 18250 | D:11     | Killed a purple ugly thing
 18257 | D:11     | Hit by a javelin of penetration thrown by Urug

Skill      XL: |  1  2  3  4  5  6  7  8  9 10 11 |
---------------+----------------------------------+-----
Stealth        | 5 6 7 9 10 12 13 14 | 14.9
Hexes          | 5 6 7 8 9 10 | 10.3
Short Blades   | 2 3 4 5 6 7 |  7.4
Dodging        | 3 4 5 6 7 |  7.3
Spellcasting   | 3 4 5 6 |  6.6
Evocations     | 1 2 4 5 7 8 |  8.1

Action                   |  1- 3 |  4- 6 |  7- 9 | 10-12 || total
-------------------------+-------+-------+-------+-------++-------
Melee: Dagger            |   100 |   254 |       |       ||   354
       Bite              |     8 |    30 |    26 |    60 ||   124
       Short sword       |       |    64 |   262 |   547 ||   873
       Unarmed           |       |       |       |     3 ||     3
 Fire: Hunting sling     |       |       |       |     3 ||     3
Throw: Throwing net      |       |     1 |       |     1 ||     2
 Cast: Ensorcelled Hiber |       |       |    14 |    11 ||    25
       Tukima's Dance    |       |       |     4 |     1 ||     5
       Dazzling Spray    |       |       |       |     1 ||     1
 Abil: Bat Form          |       |     3 |     1 |     3 ||     7
       End Transformatio |       |     3 |     1 |     2 ||     6
       Evoke Invisibilit |       |       |       |     1 ||     1
Evoke: Deck              |       |       |    10 |    23 ||    33
  Use: Potion            |     1 |    11 |     8 |    14 ||    34
       Scroll            |       |     6 |     3 |     1 ||    10
 Stab: Sleeping          |     5 |    24 |    26 |    19 ||    74
       Distracted        |     1 |     3 |     1 |     6 ||    11
       Held in net/web   |       |     1 |       |       ||     1
       Invisible         |       |       |       |     2 ||     2
Armor: Robe              |     2 |    37 |    44 |   106 ||   189
Dodge: Dodged            |    45 |   186 |   180 |   484 ||   895
